Map: Triton LE

Players

NoStormPls - Winner!

  • Race: Terran Terran
  • League: Silver
  • Spawn Location: 11:00

Ranger

  • Race: Terran Terran
  • League: Platinum
  • Spawn Location: 5:00

VOD

Have the link to the VOD?

Description

Time

  • Played on: Aug. 30, 2019, 4:46 p.m.
  • Length: 11:03
Show
View Real Time Build Order
Export as new Build Order

NoStormPls Terran - Winner!

Build Orders:  

Get SALT Encoding   

  12  0:01  SCV  
  13  0:13  SCV  
  14  0:17  Supply Depot  
  14  0:25  SCV  
  15  0:30  Refinery  
  15  0:39  SCV  
  16  0:51  SCV  
  17  1:03  Barracks  
  17  1:06  Barracks  
  17  1:11  SCV  
  17  1:15  Supply Depot  
  18  1:23  SCV  
  19  1:36  SCV  
  20  1:50  Orbital Command  
  20  1:51  Reaper  
  20  1:53  Reaper  
  22  2:01  Refinery  
  22  2:18  SCV  
  22  2:23  Reaper  
  22  2:25  Reaper  
  24  2:31  SCV  
  24  2:36  Supply Depot  
  25  2:43  SCV  
  26  2:55  Reaper  
  26  2:57  Reaper  
  28  2:58  Command Center  
  28  3:27  Reaper  
  29  3:34  Reaper  
  28  4:00  Reaper  
  28  4:02  Factory  
  29  4:06  SCV, Reaper  
  31  4:18  SCV  
  31  4:24  Orbital Command  
  32  4:30  SCV  
  33  4:35  Command Center  
  31  4:42  SCV  
  28  4:51  Factory Tech Lab  
  28  4:52  Barracks Reactor, Barracks Tech Lab  
  28  4:54  SCV, Starport  
  28  4:57  Factory  
  29  5:01  SCV  
  29  5:06  SCV, Refinery  
  31  5:09  Refinery  
  31  5:13  SCV  
  32  5:15  Siege Tank  
  32  5:18  SCV  
  32  5:19  Marine, Stimpack  
  37  5:25  SCV  
  38  5:30  SCV  
  38  5:32  Marine x2  
  38  5:35  Liberator  
  41  5:37  Marine, SCV  
  43  5:43  SCV  
  43  5:48  Orbital Command  
  43  5:49  Marine, SCV  
  45  5:50  Marine  
  45  5:55  SCV  
  51  5:59  Factory Tech Lab, Siege Tank  
  51  6:01  SCV  
  55  6:07  Marine, SCV  
  57  6:13  SCV  
  57  6:19  SCV  
  57  6:20  SCV  
  60  6:25  SCV  
  60  6:27  Siege Tank  
  60  6:30  Marine, Engineering Bay  
  60  6:31  Marine x2, SCV, Engineering Bay  
  60  6:32  SCV  
  68  6:37  SCV  
  69  6:48  Supply Depot  
  69  6:49  Marine x3, Medivac, SCV x3, Supply Depot  
  69  6:51  Supply Depot  
  77  6:58  Combat Shield  
  77  6:59  Terran Infantry Weapons Level 1  
  77  7:07  Marine x3  
  80  7:09  Refinery  
  80  7:19  Medivac  
  82  7:32  SCV x3  
  85  7:44  Command Center, SCV x3  
  85  7:45  Siege Tank x2  
  94  7:53  Refinery  
  94  7:56  SCV  
  94  7:57  SCV x2  
  97  8:06  Starport Reactor  
  97  8:07  Marine  
  97  8:08  Marine x2, SCV  
  97  8:09  SCV x2  
  97  8:11  Terran Infantry Armor Level 1  
  103  8:14  Armory  
  103  8:20  SCV  
  103  8:21  SCV x2  
  103  8:23  Missile Turret  
  103  8:25  Marine  
  103  8:26  Marine x2  
  103  8:43  Marine  
  103  8:44  Marine x2  
  103  8:45  Missile Turret  
  96  9:01  Marine x2  
  96  9:02  Marine  
  96  9:06  Missile Turret  
  96  9:07  Missile Turret  
  96  9:13  Siege Tank  
  96  9:14  Siege Tank  
  99  9:19  Marine x3  
  102  9:25  Barracks  
  102  9:26  SCV x2, Barracks x2  
  102  9:27  SCV  
  102  9:28  Missile Turret  
  102  9:34  Viking  
  102  9:35  Viking  
  102  9:37  Marine x3  
  102  9:38  SCV  
  111  9:39  SCV x2  
  111  9:40  Orbital Command  
  112  9:46  Siege Tank x2  
  112  9:47  Supply Depot  
  112  9:48  Supply Depot  
  112  9:49  Missile Turret  
  112  9:50  SCV  
  112  9:51  SCV x2  
  121  9:54  Marine  
  122  10:02  SCV  
  122  10:03  SCV  
  122  10:04  Missile Turret  
  124  10:09  SCV  
  124  10:11  Missile Turret  
  125  10:14  SCV  
  125  10:15  SCV  
  125  10:17  Missile Turret  
  125  10:18  Siege Tank x2  
  125  10:21  SCV, Missile Turret  
  134  10:24  Missile Turret  
  134  10:26  Marine x5, SCV  
  140  10:37  Supply Depot  
  140  10:38  Missile Turret  
  140  10:39  Supply Depot  
  140  10:40  Marine, Supply Depot  
  140  10:41  SCV  
  142  10:44  Marine x5  
  142  10:46  Missile Turret  
  159  10:59  Missile Turret  
  159  11:01  Supply Depot  
Show
View Real Time Build Order
Export as new Build Order

Ranger Terran 

Build Orders: Gas First Reaper Expand 

Get SALT Encoding   

  12  0:01  SCV  
  13  0:13  SCV  
  14  0:18  Supply Depot  
  14  0:25  SCV  
  15  0:34  Refinery  
  15  0:40  SCV  
  16  0:47  Barracks  
  16  0:52  SCV  
  17  1:04  SCV  
  18  1:16  SCV  
  19  1:34  Reaper  
  19  1:35  Orbital Command  
  20  1:54  Command Center  
  20  1:59  Factory  
  20  2:01  SCV  
  21  2:17  SCV  
  21  2:20  Barracks Reactor  
  22  2:28  Supply Depot  
  22  2:29  SCV  
  23  2:31  Refinery  
  23  2:50  SCV  
  23  2:51  Factory Tech Lab  
  24  3:04  Marine x2  
  24  3:11  Siege Tank  
  24  3:21  Marine  
  24  3:22  Marine, SCV  
  24  3:23  Orbital Command  
  25  3:34  SCV  
  24  3:39  Marine x2  
  21  3:46  SCV  
  20  3:51  SCV  
  17  3:57  Marine x2  
  17  3:58  SCV  
  20  4:04  SCV  
  21  4:10  SCV  
  21  4:15  Marine x2  
  21  4:16  SCV  
  25  4:20  Siege Tank  
  25  4:22  SCV  
  29  4:28  SCV  
  30  4:33  Marine  
  31  4:44  Orbital Command  
  30  4:51  Marine  
  30  4:52  Marine, SCV  
  33  4:59  Starport  
  33  5:04  SCV  
  34  5:09  SCV  
  34  5:12  Supply Depot  
  34  5:13  Supply Depot  
  35  5:17  SCV  
  39  5:21  Siege Tank, SCV  
  39  5:28  Refinery  
  40  5:29  SCV, Refinery  
  40  5:31  Engineering Bay  
  40  5:33  SCV  
  42  5:38  Supply Depot  
  42  5:41  SCV, Starport Tech Lab  
  43  5:46  SCV  
  47  5:59  Cloaking Field  
  47  6:03  Banshee  
  47  6:06  SCV x2, Missile Turret  
  49  6:21  Marine x2  
  49  6:22  Siege Tank, SCV  
  49  6:23  SCV  
  56  6:34  SCV  
  57  6:40  SCV  
  57  6:44  Marine  
  57  6:45  Marine  
  57  6:46  Banshee  
  63  6:50  SCV  
  63  6:52  SCV  
  65  6:57  Terran Infantry Weapons Level 1  
  65  7:02  Marine, SCV  
  65  7:06  Missile Turret  
  65  7:08  SCV  
  68  7:14  SCV  
  69  7:20  SCV  
  70  7:27  SCV  
  71  7:32  SCV  
  72  7:40  SCV  
  73  7:44  SCV  
  74  7:52  Barracks, SCV  
  74  7:54  Starport Reactor, Barracks  
  74  7:56  SCV  
  76  8:03  Missile Turret  
  76  8:04  Command Center, SCV  
  77  8:12  Missile Turret  
  77  8:33  SCV  
  77  8:34  SCV  
  59  8:41  Viking x2  
  59  8:42  Marine x2  
  59  8:43  Marine  
  59  8:44  Barracks Reactor  
  59  8:45  Stimpack  
  66  8:51  Cyclone, Barracks  
  66  8:52  Barracks  
  63  9:00  Marine  
  63  9:02  SCV x2  
  63  9:12  Marine  
  63  9:14  SCV x2  
  63  9:18  Marine  
  62  9:36  SCV x2  
  64  9:42  Barracks Reactor x2  
  64  9:48  SCV x2  
  64  9:51  Medivac x2  
  64  9:52  Marine  
  71  10:00  SCV  
  71  10:06  Marine x4  
  76  10:10  Marine  
  76  10:11  SCV  
  76  10:12  SCV  
  79  10:23  SCV  
  79  10:24  Marine x3  
  79  10:25  SCV  
  84  10:39  SCV x2  
  86  10:42  Supply Depot  
  86  10:43  Supply Depot  
  86  10:44  Missile Turret  
  88  10:51  SCV x2  
Tags
 
Add a new tag
Caveats
  • Supply blocks, unpowered buildings, or Contaminate may cause inaccurate times.
  • Supply counts are checked every 10 seconds.